 Dungeon Crawl Stone Soup version 0.29-a0-2-g12fcac58f8 (webtiles) character file.

Game seed: 14514792165670904245

56 siradein the Conjurer (level 3, -3/19 HPs)
             Began as a Deep Elf Conjurer on Jan 26, 2022.
             Slain by a kobold (5 damage)
             ... on level 4 of the Dungeon.
             The game lasted 00:03:45 (1779 turns).

siradein the Conjurer (Deep Elf Conjurer)           Turns: 1779, Time: 00:03:46

Health: -3/19      AC:  2    Str:  4    XL:     3   Next: 69%
Magic:  12/19      EV: 12    Int: 24    God:
Gold:   141        SH:  0    Dex: 13    Spells: 4/10 levels left

rFire   . . .      SeeInvis .   (no weapon)
rCold   . . .      Faith    .   (no shield)
rNeg    . . .      Spirit   .   a - +0 robe
rPois   .          Reflect  .   (no helmet)
rElec   .          Harm     .   (no cloak)
rCorr   .          Rampage  .   (no gloves)
Will    .....                   (no boots)
Stlth   ++........              (no amulet)
HPRegen 0.06/turn               h - ring of magical power
MPRegen 0.16/turn               (no ring)

@: no status effects
A: no striking features
a: no special abilities


You were on level 4 of the Dungeon.
You visited 1 branch of the dungeon, and saw 4 of its levels.

You collected 141 gold pieces.

Inventory:

Armour
 a - a +0 robe (worn)
Jewellery
 h - a ring of magical power (left hand)
 j - an amulet of the acrobat
Scrolls
 c - a scroll of silence {unknown}
 d - a scroll of teleportation {unknown}
 g - a scroll of identify {unknown}
 i - a scroll of fear {unknown}
Potions
 b - a potion of flight {unknown}
 e - a potion of heal wounds {unknown}
 f - a potion of curing {unknown}


   Skills:
 - Level 2.4 Dodging
 - Level 2.4 Stealth
 + Level 4.4 Spellcasting
 + Level 5.2 Conjurations


You had 4 spell levels left.
You knew the following spells:

 Your Spells              Type           Power      Damage    Failure   Level
a - Magic Dart            Conj           100%       1d8       1%          1
b - Searing Ray           Conj           60%        2d6       1%          2
c - Dazzling Flash        Conj/Hex       36%        N/A       10%         3

Your spell library contained the following spells:

 Spells                   Type           Power      Damage    Failure   Level
 Fulminant Prism          Conj/Hex       9%         3d7       30%         4
 Iskenderun's Mystic Bla  Conj/Tloc      18%        2d6       30%         4


Dungeon Overview and Level Annotations

Branches:
Dungeon (3/15)

Altars:

Shops:
D:2 (=

Annotations:
D:4 Edmund


Message History

You fall into a shaft and drop 1 floor!
The shaft crumbles and collapses.
Edmund, a kobold and a water moccasin skeleton come into view.
Edmund is wielding a +1 vorpal flail.
Found a leather armour.
A giant cockroach comes into view.
The kobold shouts!
The giant cockroach moves out of view.
Casting: Magic Dart (safe; 1% risk of failure)
Confirm with . or Enter, or press ? or * to list all spells.
Aiming: Searing Ray (safe; 1% risk of failure)
Press: ? - help, Shift-Dir - straight line, f - water moccasin skeleton
Aim: a water moccasin skeleton (85% to hit)
The searing ray hits the water moccasin skeleton.
The water moccasin skeleton is lightly damaged. (Press . to maintain the ray.)
The water moccasin skeleton closely misses you.
The searing ray hits the water moccasin skeleton.
The water moccasin skeleton is moderately damaged.
The water moccasin skeleton bites you but does no damage.
The water moccasin skeleton bites you.
The searing ray hits the water moccasin skeleton!
The water moccasin skeleton is heavily damaged.
The water moccasin skeleton bites you. The kobold misses you.
The searing ray hits the water moccasin skeleton!
The water moccasin skeleton is severely damaged.
You finish channelling your searing ray.
The water moccasin skeleton bites you!
* * * LOW HITPOINT WARNING * * *
The kobold closely misses you.
Casting: Searing Ray (safe; 1% risk of failure)
Confirm with . or Enter, or press ? or * to list all spells.
Aiming: Searing Ray (safe; 1% risk of failure)
Press: ? - help, Shift-Dir - straight line, f/p - water moccasin skeleton
Aim: a water moccasin skeleton (severely damaged, 85% to hit)
The searing ray misses the water moccasin skeleton. (Press . to maintain the ray.)
The water moccasin skeleton closely misses you.
The kobold hits you with a +0 short sword.
You die...

##...@.
##.....
#...... .
...... ..
#...## ...
#...####.[..
#....#......
#..Z.......
#..@K.###
#######


You could see a kobold and a water moccasin skeleton.

Vanquished Creatures
  A worm (D:2)
  A dart slug (D:1)
  8 endoplasms
  2 giant cockroaches (D:2)
  6 hobgoblins
  2 jackals (D:1)
  A quokka (D:1)
  6 ball pythons
  3 bats
  5 goblins
  7 kobolds
  3 rats (D:1)
45 creatures vanquished.

Notes
Turn   | Place    | Note
-------+----------+-------------------------------------------
     0 | D:1      | siradein the Deep Elf Conjurer began the quest for the Orb.
     0 | D:1      | Reached XP level 1. HP: 10/10 MP: 6/6
   159 | D:1      | Reached XP level 2. HP: 15/15 MP: 5/8
   163 | D:1      | Learned a level 2 spell: Searing Ray
   409 | D:1      | Found a faded altar of an unknown god.
   828 | D:2      | Reached skill level 5 in Conjurations
   828 | D:2      | Reached XP level 3. HP: 19/19 MP: 7/10
   885 | D:2      | Found Nuduzeg's Weapon Boutique.
   931 | D:2      | Learned a level 3 spell: Dazzling Flash
  1131 | D:2      | Found Neceniup's Jewellery Emporium.
  1772 | D:3      | You fall into a shaft and drop 1 floor!
  1772 | D:4      | Noticed Edmund
  1779 | D:4      | Slain by a kobold

Illustrated notes

Levels and vault maps discovered:
D:1:      minmay_arrival_solitary_statue, layout_rooms,
          ebering_ecumenical_altar_webs
D:2:      layout_basic, serial_shops, shop, nicolae_shop_waterfront
D:3:      minmay_general_purpose_star, layout_basic, uniq_crazy_yiuf_cottage,
          uniq_jessica
D:4:      layout_layer_cave, minmay_temple_entry_butterflies,
          minmay_manual_monstrance, uniq_edmund

Skill      XL: |  1  2 |
---------------+-------+-----
Spellcasting   | 4 |  4.4
Conjurations   | 5 |  5.2
Dodging        | |  2.4
Stealth        | |  2.4

Action                   || total
-------------------------++-------
 Cast: Magic Dart        ||    81
       Searing Ray       ||     2
Armor: Robe              ||     1
Dodge: Dodged            ||     5

Table legend: (Time is in decaauts)
 A = Elapsed time spent in this place.
 B = Non-inter-level travel time spent in this place.
 C = Inter-level travel time spent in this place.
 D = Time resting spent in this place.
 E = Time spent auto-exploring this place.
 F = Levels seen in this place.
 G = Mean time per level.
                   A        B        C        D        E       F      G
               +--------+--------+--------+--------+--------+-----+--------+
         Total |   1777 |   1747 |     30 |      0 |   1573 |   4 |  444.2 |
       Dungeon |   1777 |   1747 |     30 |      0 |   1573 |   4 |  444.2 |
               +--------+--------+--------+--------+--------+-----+--------+

Top non-repeatable levels by time:
     D:2: 966 daAuts
     D:1: 750 daAuts
     D:3: 54 daAuts
     D:4: 6 daAuts
